 Dungeon Crawl Stone Soup version 0.26-a0-542-gbaa144ba5c (webtiles) character file.

Game seed: 13760124447663216904

67 ReteAZ the Insei (level 4, -3/41 HPs)
             Began as a Gnoll Chaos Knight on Aug 17, 2020.
             Was a Plaything of Xom.
             Slain by a gnoll (7 damage)
             ... on level 1 of the Dungeon.
             The game lasted 00:00:54 (872 turns).

ReteAZ the Insei (Gnoll Chaos Knight)                Turns: 872, Time: 00:00:54

Health: -3/41      AC:  5    Str: 14    XL:     4   Next: 16%
Magic:  5/5        EV: 13    Int: 15    God:    Xom [..*...]
Gold:   70         SH:  0    Dex: 15    Spells: 5/5 levels left

rFire    . . .     SeeInvis .     - Unarmed
rCold    . . .     Faith    .   (no shield)
rNeg     . . .     Spirit   .   a - +2 leather armour
rPois    .         Reflect  .   (no helmet)
rElec    .         Harm     .   (no cloak)
rCorr    .                      (no gloves)
MR       .....                  (no boots)
Stlth    ++........             (no amulet)
HPRegen  0.13/turn              (no ring)
MPRegen  0.09/turn              (no ring)

@: no status effects
A: distributed training, fangs 1, strong nose
a: Renounce Religion


You were on level 1 of the Dungeon.
You worshipped Xom.
You were a toy of Xom.
You visited 1 branch of the dungeon, and saw 2 of its levels.

You collected 70 gold pieces.

Inventory:

Armour
 a - a +2 leather armour (worn)
Jewellery
 c - an uncursed ring of fire {unknown}
 e - an uncursed ring of see invisible {unknown}
Scrolls
 b - a scroll of fog {unknown}
 d - a scroll of enchant weapon {unknown}
 f - a scroll of magic mapping {unknown}


   Skills:
 + Level 6.6 Fighting
 + Level 1.0 Short Blades
 + Level 1.0 Long Blades
 + Level 1.0 Axes
 + Level 1.0 Maces & Flails
 + Level 1.0 Polearms
 + Level 1.0 Staves
 + Level 1.0 Slings
 + Level 1.0 Bows
 + Level 1.0 Crossbows
 + Level 1.0 Throwing
 + Level 4.6 Armour
 + Level 2.7 Dodging
 + Level 1.0 Stealth
 + Level 1.0 Shields
 + Level 6.6 Unarmed Combat
 + Level 1.0 Spellcasting
 + Level 0.8 Conjurations
 + Level 0.8 Hexes
 + Level 0.8 Summonings
 + Level 0.8 Necromancy
 + Level 0.8 Translocations
 + Level 0.8 Transmutations
 + Level 0.8 Fire Magic
 + Level 0.8 Ice Magic
 + Level 0.8 Air Magic
 + Level 0.8 Earth Magic
 + Level 0.8 Poison Magic
 + Level 1.1 Invocations
 + Level 1.0 Evocations


You had 5 spell levels left.
You didn't know any spells.
Your spell library was empty.

Dungeon Overview and Level Annotations

Branches:
Dungeon (2/15)

Altars:


Innate Abilities, Weirdness & Mutations

Your experience applies equally to all skills.
You have very sharp teeth.
Your uncanny sense of smell can sniff out nearby items.


Message History

Your Crossbows skill increases to level 1!
Your Throwing skill increases to level 1!
Your Stealth skill increases to level 1!
Your Shields skill increases to level 1!
Your Spellcasting skill increases to level 1!
Your Evocations skill increases to level 1!
You have reached level 4!
You feel agile.
You hit the gnoll but do no damage.
Xom guffaws.
You attempt to intoxicate your foes!
The gnoll hits you but does no damage.
You closely miss the gnoll. The gnoll barely misses you.
You hit the gnoll.
The gnoll is moderately wounded.
The gnoll hits you!
* * * LOW HITPOINT WARNING * * *
You hit the gnoll.
The gnoll is heavily wounded.
The gnoll hits you!
You die...

###### #....#
#####.##.#
#####.....##.#
...........#.#####
.............(.g@#
#####......#.#.###
#......#(#.#
#......#.#.#
#......#.#.#
#......#.#.#
#####..#.#.#
#..#.#.# ####.#.#


You could see a gnoll.

Vanquished Creatures
  Jessica (D:1)
  A gnoll (D:1)
  2 dart slugs (D:1)
  4 bats (D:1)
  4 goblins (D:1)
  2 hobgoblins (D:1)
  4 jackals (D:1)
  3 kobolds (D:1)
  3 frilled lizards (D:1)
  3 rats (D:1)
27 creatures vanquished.

Notes
Turn   | Place    | Note
-------+----------+-------------------------------------------
     0 | D:1      | ReteAZ the Gnoll Chaos Knight began the quest for the Orb.
     0 | D:1      | Reached XP level 1. HP: 23/23 MP: 1/1
   110 | D:1      | XOM: silly message
   153 | D:1      | Reached XP level 2. HP: 29/29 MP: 2/2
   466 | D:1      | Reached XP level 3. HP: 35/35 MP: 3/3
   854 | D:2      | Noticed Jessica
   865 | D:1      | Reached skill level 1 in Invocations
   868 | D:1      | Killed Jessica
   868 | D:1      | Reached skill level 1 in Short Blades
   868 | D:1      | Reached skill level 1 in Long Blades
   868 | D:1      | Reached skill level 1 in Axes
   868 | D:1      | Reached skill level 1 in Maces & Flails
   868 | D:1      | Reached skill level 1 in Polearms
   868 | D:1      | Reached skill level 1 in Staves
   868 | D:1      | Reached skill level 1 in Slings
   868 | D:1      | Reached skill level 1 in Bows
   868 | D:1      | Reached skill level 1 in Crossbows
   868 | D:1      | Reached skill level 1 in Throwing
   868 | D:1      | Reached skill level 1 in Stealth
   868 | D:1      | Reached skill level 1 in Shields
   868 | D:1      | Reached skill level 1 in Spellcasting
   868 | D:1      | Reached skill level 1 in Evocations
   868 | D:1      | Reached XP level 4. HP: 12/41 MP: 5/5
   869 | D:1      | XOM: cast spell 'Alistair's Intoxication'
   872 | D:1      | Slain by a gnoll

Illustrated notes

Levels and vault maps discovered:
D:1:      matt_arrival_los_fun, layout_basic
D:2:      layout_basic, minmay_large_rounded_square, uniq_jessica

Skill      XL: |  1  2  3 |
---------------+----------+-----
Invocations    | 1 |  1.1
Short Blades   | 1 |  1.0
Long Blades    | 1 |  1.0
Axes           | 1 |  1.0
Maces & Flails | 1 |  1.0
Polearms       | 1 |  1.0
Staves         | 1 |  1.0
Slings         | 1 |  1.0
Bows           | 1 |  1.0
Crossbows      | 1 |  1.0
Throwing       | 1 |  1.0
Stealth        | 1 |  1.0
Shields        | 1 |  1.0
Spellcasting   | 1 |  1.0
Evocations     | 1 |  1.0
Fighting       | |  6.6
Armour         | |  4.6
Dodging        | |  2.7
Unarmed Combat | |  6.6
Conjurations   | |  0.8
Hexes          | |  0.8
Summonings     | |  0.8
Necromancy     | |  0.8
Translocations | |  0.8
Transmutations | |  0.8
Fire Magic     | |  0.8
Ice Magic      | |  0.8
Air Magic      | |  0.8
Earth Magic    | |  0.8
Poison Magic   | |  0.8

Action                   |  1- 3 |  4- 6 || total
-------------------------+-------+-------++-------
Melee: Unarmed           |    73 |     4 ||    77
       Bite              |     9 |       ||     9
 Stab: Sleeping          |     1 |       ||     1
Armor: Leather armour    |    25 |     1 ||    26
Dodge: Dodged            |    58 |     1 ||    59

Table legend: (Time is in decaauts)
 A = Elapsed time spent in this place.
 B = Non-inter-level travel time spent in this place.
 C = Inter-level travel time spent in this place.
 D = Time resting spent in this place.
 E = Time spent auto-exploring this place.
 F = Levels seen in this place.
 G = Mean time per level.
                   A        B        C        D        E       F      G
               +--------+--------+--------+--------+--------+-----+--------+
         Total |    863 |    856 |      7 |      0 |    707 |   2 |  431.5 |
       Dungeon |    863 |    856 |      7 |      0 |    707 |   2 |  431.5 |
               +--------+--------+--------+--------+--------+-----+--------+

Top non-repeatable levels by time:
     D:1: 857 daAuts
     D:2: 5 daAuts
